 Dungeon Crawl Stone Soup version 0.22-a0-377-g846bec1 (console) character file.

51 vegansnacktivist the Chopper (level 3, -15/33 HPs)
             Began as a Deep Dwarf Fighter on Apr 28, 2018.
             Demolished by a tentacled starspawn (18 damage)
             ... on level 1 of the Abyss.
             The game lasted 00:02:29 (1589 turns).

vegansnacktivist the Chopper (Deep Dwarf Fighter)   Turns: 1589, Time: 00:02:30

Health: -15/33     AC:  6    Str: 25    XL:     3   Next: 57%
Magic:  1/1        EV:  4    Int:  8    God:
Gold:   124        SH: 10    Dex: 12    Spells: 2/2 levels left

rFire    . . .     SeeInvis .   a - +0 war axe
rCold    . . .     Gourm    .   c - +0 shield
rNeg     . . .     Faith    .   b - +0 scale mail
rPois    .         Spirit   .   (no helmet)
rElec    .         Reflect  .   (no cloak)
rCorr    .         Harm     .   (no gloves)
MR       .....     Rnd*Tele +   (no boots)
Stlth    ..........             (no amulet)
HPRegen  0.00/turn              l - ring of teleportation (curse)
MPRegen  0.07/turn              (no ring)

@: mighty, very slightly contaminated, non-regenerating, constricted
A: damage resistance, heal wounds, sense surroundings 1, no regeneration
a: Heal Wounds


You were on level 1 of the Abyss.
You were not hungry.

You visited 1 branch of the dungeon, and saw 2 of its levels.
You visited the Abyss 1 time.

You collected 124 gold pieces.

Inventory:

Hand Weapons
 a - a +0 war axe (weapon)
Armour
 b - a +0 scale mail (worn)
 c - a +0 shield (worn)
Jewellery
 l - a cursed ring of teleportation (left hand)
Scrolls
 g - 2 scrolls of fear {unknown}
 h - a scroll of identify {unknown}
 i - 3 scrolls of remove curse {unknown}
 n - a scroll of random uselessness {unknown}
 p - a scroll of magic mapping {unknown}
 q - a scroll of summoning {unknown}
Potions
 d - 2 potions of might
 e - 2 potions of curing {unknown}
 j - a potion of brilliance {unknown}
 k - 2 potions of mutation {unknown}
 m - a potion of heal wounds {unknown}
 o - 2 potions of magic {unknown}
Comestibles
 f - 6 rations


   Skills:
 - Level 2.6 Fighting
 + Level 4.4 Axes
 - Level 3.2 Armour
 - Level 3.2 Shields


You had 2 spell levels left.
You didn't know any spells.

Dungeon Overview and Level Annotations

Branches:
Dungeon (2/15)

Altars:
Ashenzari

Annotations:
D:2 Crazy Yiuf


Innate Abilities, Weirdness & Mutations

You are resistant to damage.
You can heal yourself by infusing magical energy.
You passively map a small area around you.
You do not regenerate.


Message History

The starspawn tentacle constricts you.
A starspawn tentacle segment comes into view.
You feel very mighty all of a sudden. The starspawn tentacle constricts you.
You fail to use your ability.
The tentacled starspawn bites you but does no damage.
The tentacled starspawn engulfs you. The starspawn tentacle constricts you.
Unknown command.
Your magical essence is drained by the effort!
You feel much better.
You block the tentacled starspawn's attack.
The tentacled starspawn engulfs you!!
Ouch! That really hurt!
The starspawn tentacle constricts you.
You feel much better. The tentacled starspawn bites you!!
Ouch! That really hurt!
* * * LOW HITPOINT WARNING * * *
The tentacled starspawn engulfs you!!
Ouch! That really hurt!
You die...

......PP.... .#
##.....P.P..##.#
##....PPPPP.... .
#..#..PP∩PP..# .
#....PPPPP..##..#
#.#.##..PPPP.........
#...:....──....#..#.
....##.#..w.P│..(....#
## #.....@X#.##....#
#....##wV.# .#.#..
#### ....#.#...# #
#####.#.### .. #. .
.#..#.... #..#.#....
.###.##.## ... #.#
#..######


You could see a tentacled starspawn and 2 starspawn tentacles.

Vanquished Creatures
  An adder (D:2)
  An ooze (D:2)
  A dart slug (D:2)
  4 bats
  A giant cockroach (D:2)
  2 goblins (D:1)
  4 hobgoblins
  7 jackals
  A quokka (D:2)
  A ball python (D:1)
  2 frilled lizards
  3 kobolds
  5 rats
33 creatures vanquished.

Vanquished Creatures (others)
  A starspawn tentacle (Abyss:1)
1 creature vanquished.

Grand Total: 34 creatures vanquished

Notes
Turn   | Place    | Note
-------+----------+-------------------------------------------
     0 | D:1      | vegansnacktivist the Deep Dwarf Fighter began the quest for the Orb.
     0 | D:1      | Reached XP level 1. HP: 20/20 MP: 1/1
   118 | D:1      | Reached skill level 3 in Axes
   118 | D:1      | Reached XP level 2. HP: 25/27 MP: 2/2
   820 | D:2      | Found a shattered altar of Ashenzari.
   940 | D:2      | Reached XP level 3. HP: 15/33 MP: 3/3
  1132 | D:2      | Found a runed door.
  1231 | D:2      | Reached skill level 4 in Axes
  1520 | D:2      | Noticed Crazy Yiuf
  1530 | D:2      | Cast into level 1 of the Abyss (Crazy Yiuf)
  1573 | Abyss:1  | Noticed a tentacled starspawn
  1589 | Abyss:1  | Demolished by a tentacled starspawn

Vault maps used:
D:1:      onia_arrival_pyramid, minmay_pentomino_x2
D:2:      nicolae_ashenzari_panopticon, uniq_crazy_yiuf_cottage
Abyss:1:  evilmike_abyss_exit_plants

Skill      XL: |  1  2  3 |
---------------+----------+-----
Axes           | 3 4 |  4.4
Fighting       | |  2.6
Armour         | |  3.2
Shields        | |  3.2

Action                   || total
-------------------------++-------
Melee: War axe           ||   112
 Abil: Heal Wounds       ||     3
  Use: Potion            ||     1
  Eat: Chunk             ||     2
Armor: Scale mail        ||    57
Dodge: Dodged            ||    29
Block: Shield            ||    58

Table legend:
 A = Spawn XP
 B = Non-spawn XP
 C = Spawn XP percentage of total XP
 D = Spawn monster count
 E = Non-spawn monster count
 F = Spawn count percentage of total count
 G = Total turns spent on level
                    A         B        C        D         E        F      G
               +---------+---------+-------+---------+---------+-------+---------
         Total |       0 |      73 |   0.0 |       0 |      33 |   0.0 |  1589
               +---------+---------+-------+---------+---------+-------+---------
           D:1 |       0 |      27 |   0.0 |       0 |      17 |   0.0 |   718
           D:2 |       0 |      46 |   0.0 |       0 |      16 |   0.0 |   812
               +---------+---------+-------+---------+---------+-------+---------
